 Dungeon Crawl Stone Soup version 0.29.0-11-gd7f09526c8 (webtiles) character file.

Game seed: 11822578723700520778

49 RascalDebosk the Shooter (level 3, 31/31 HPs)
             Began as a Hill Orc Hunter on Sept 3, 2022.
             Quit the game on level 3 of the Dungeon.
             The game lasted 00:15:30 (1405 turns).

RascalDebosk the Shooter (Hill Orc Hunter)          Turns: 1405, Time: 00:15:31

Health: 31/31      AC:  8    Str: 13    XL:     3   Next: 75%
Magic:  4/4        EV:  6    Int:  9    God:
Gold:   181        SH:  0    Dex: 16    Spells: 2/2 levels left

rFire   . . .      SeeInvis .   a - +0 shortbow
rCold   . . .      Faith    .   (shield currently unavailable)
rNeg    . . .      Spirit   .   n - +0 chain mail
rPois   .          Reflect  .   (no helmet)
rElec   .          Harm     .   (no cloak)
rCorr   .          Rampage  .   (no gloves)
Will    .....                   (no boots)
Stlth   ..........              d - amulet of regeneration
HPRegen 0.90/turn               (no ring)
MPRegen 0.09/turn               (no ring)

@: no status effects
A: no striking features
a: no special abilities


You were on level 3 of the Dungeon.
You visited 1 branch of the dungeon, and saw 3 of its levels.

You collected 181 gold pieces.

Inventory:

Hand Weapons
 a - a +0 shortbow (weapon)
Armour
 c - a +0 leather armour
 n - a +0 chain mail (worn)
Jewellery
 d - an amulet of regeneration (around neck)
 h - a ring of see invisible
Scrolls
 b - a scroll of immolation
 f - 3 scrolls of identify {unknown}
 i - a scroll of teleportation {unknown}
 l - a scroll of noise {unknown}
Potions
 e - 2 potions of degeneration {unknown}
 g - 2 potions of lignification {unknown}
 j - a potion of resistance {unknown}
 k - a potion of haste {unknown}
 m - 3 potions of flight {unknown}


   Skills:
 + Level 3.1 Fighting
 + Level 3.9 Ranged Weapons
 + Level 1.5 Armour
 - Level 1.5 Dodging
 - Level 0.7 Stealth
 + Level 1.9 Invocations


You had 2 spell levels left.
You didn't know any spells.
Your spell library contained the following spells:

 Spells                   Type           Power      Damage    Failure   Level
 Apportation              Tloc           0%         N/A       100%        1
 Summon Small Mammal      Summ           0%         N/A       100%        1
 Call Canine Familiar     Summ           0%         N/A       100%        3
 Portal Projectile        Hex/Tloc       0%         N/A       100%        3
 Summon Guardian Golem    Hex/Summ       0%         N/A       100%        3
 Leda's Liquefaction      Hex/Erth       0%         N/A       100%        4
 Alistair's Intoxication  Tmut/Pois      0%         N/A       100%        5
 Malign Gateway           Summ/Tloc      0%         N/A       100%        7
 Summon Horrible Things   Summ           0%         N/A       100%        8


Dungeon Overview and Level Annotations

Branches:
Dungeon (3/15)

Altars:
Elyvilon
Sif Muna


Message History

A quokka comes into view.
Fire: a) +0 shortbow
Press: ? - help, Q - select action Shift-Dir - straight line, f - quokka
Aim: a quokka (wandering, hasn't noticed you, 51% to hit)
You shoot an arrow. The arrow misses the quokka.
Fire: a) +0 shortbow
Press: ? - help, Q - select action Shift-Dir - straight line, f/p - quokka
Aim: a quokka (51% to hit)
You shoot an arrow. The arrow hits the quokka.
The quokka is almost dead.
The quokka barely misses you.
Fire: a) +0 shortbow
Press: ? - help, Q - select action Shift-Dir - straight line, f/p - quokka
Aim: a quokka (almost dead, 51% to hit)
You shoot an arrow. The arrow barely misses the quokka.
The quokka bites you but does no damage.
The quokka bites you.
Fire: a) +0 shortbow
Press: ? - help, Q - select action Shift-Dir - straight line, f/p - quokka
Aim: a quokka (almost dead, 51% to hit)
You shoot an arrow. The arrow barely misses the quokka.
The quokka bites you.
The quokka bites you but does no damage.
Fire: a) +0 shortbow
Press: ? - help, Q - select action Shift-Dir - straight line, f/p - quokka
Aim: a quokka (almost dead, 51% to hit)
You shoot an arrow. The arrow hits the quokka.
You kill the quokka!
HP restored.
Done exploring.
Done exploring.
You see here a quokka corpse.
There is a stone staircase leading down here.
You climb downwards.
Found 27 gold pieces.
Found a shimmering blue altar of Sif Muna and a white marble altar of Elyvilon.
There is a stone staircase leading up here.
You now have 169 gold pieces (gained 15).
You now have 181 gold pieces (gained 12).
Are you sure you want to abandon this character and quit the game? (Confirm with "yes".)

................
##._8_...###.##
.###.......#
...........#
######<.#.#
####..#.#
........#######
...............
####..#@#######
#..#.# ....#.#
#.#..#.# #.#.
#.# # #.# #.#
..#


There were no monsters in sight!

Vanquished Creatures
  3 dart slugs
  A worm (D:2)
  3 ball pythons
  4 bats
  3 endoplasms
  A giant cockroach (D:2)
  2 goblins
  6 hobgoblins
  2 quokkas
  4 frilled lizards
  4 kobolds
  5 rats
38 creatures vanquished.

Notes
Turn   | Place    | Note
-------+----------+-------------------------------------------
     0 | D:1      | RascalDebosk the Hill Orc Hunter began the quest for the
                  | Orb.
     0 | D:1      | Reached XP level 1. HP: 18/18 MP: 1/1
    59 | D:1      | Reached XP level 2. HP: 19/25 MP: 2/2
    79 | D:1      | Reached skill level 1 in Invocations
    96 | D:1      | Found a faded altar of an unknown god.
   132 | D:1      | Reached skill level 1 in Armour
   434 | D:1      | Reached XP level 3. HP: 30/30 MP: 4/4
  1390 | D:3      | Found a shimmering blue altar of Sif Muna.
  1390 | D:3      | Found a white marble altar of Elyvilon.
  1405 | D:3      | Quit the game

Illustrated notes

Levels and vault maps discovered:
D:1:      ebering_hopf_link, layout_basic,
          hellmonk_ecumenical_altar_arch_garden, minmay_misc_feat_alley
D:2:      layout_basic, minmay_bisected
D:3:      layout_basic, nicolae_wu_jian_immortal_techniques,
          chequers_temple_overflow_statue_of_worship

Skill      XL: |  1  2  3 |
---------------+----------+-----
Invocations    | 1 |  1.9
Armour         | 1 |  1.5
Fighting       | 3 |  3.1
Ranged Weapons | |  3.9
Dodging        | |  1.5
Stealth        | |  0.7

Action                   || total
-------------------------++-------
 Fire: Shortbow          ||   108
Armor: Leather armour    ||    13
       Chain mail        ||    11
Dodge: Dodged            ||    35
